 Dungeon Crawl Stone Soup version 0.31-a0-370-g25055926c8 (webtiles) character file.

Game seed: 18186872335203089861

30 MacCMillion the Ruffian (level 3, 0/28 HPs)
             Began as a Barachi Shapeshifter on July 29, 2023.
             Slain by Terence
             ... wielding a +0 flail
              (4 damage)
             ... on level 2 of the Dungeon.
             The game lasted 00:02:48 (857 turns).

MacCMillion the Ruffian (Barachi Shapeshifter)       Turns: 857, Time: 00:02:48

Health: 0/28       AC:  2    Str: 18    XL:     3   Next: 20%
Magic:  3/3        EV: 12    Int:  8    God:
Gold:   45         SH:  0    Dex: 12    Spells: 2/2 levels left

rFire   . .          .
                       - Unarmed
rCold   . . .        (no shield)
rNeg    . . .        a - +0 animal skin
rPois   .            (helmet currently unavailable)
rElec   .            (cloak currently unavailable)
rCorr   .            (gloves currently unavailable)
SInv    .            (boots currently unavailable)
Will    .....        (no amulet)
Stlth   +            (no ring)
HPRegen 0.24/turn    (no ring)
MPRegen 0.08/turn

%: no passive effects
@: beast-form, slow
A: beast (slay +2), amphibious, slowness 1, strong legs 1, +LOS
a: Hop, Begin Untransformation


You were on level 2 of the Dungeon.
You were a hulking beast.
You visited 1 branch of the dungeon, and saw 2 of its levels.

You collected 45 gold pieces.

Inventory:

Armour
 a - a +0 animal skin (worn)
Talismans
 c - a beast talisman
Scrolls
 e - a scroll of fog {unknown}
 h - a scroll of enchant armour {unknown}
 i - a scroll of teleportation {unknown}
 j - a scroll of identify {unknown}
Potions
 b - a potion of lignification
 d - 2 potions of enlightenment {unknown}
 f - a potion of might {unknown}
 g - a potion of heal wounds {unknown}
 k - a potion of degeneration {unknown}


   Skills:
 + Level 2.7 Fighting
 - Level 2.1 Dodging
 + Level 4.0 Unarmed Combat
 - Level 3.2 Shapeshifting


You had 2 spell levels left.
You didn't know any spells.
Your spell library contained the following spells:

 Spells                   Type           Power      Damage    Failure   Level
 Apportation              Tloc           0%         N/A       41%         1
 Alistair's Intoxication  Tmut/Pois      0%         N/A       100%        5


Dungeon Overview and Level Annotations

Branches:
Dungeon (2/15)

Altars:

Annotations:
D:2 Terence


Innate Abilities, Weirdness & Mutations

You are a hulking beast.
Your limbs bulge with bestial killing power. (Slay +2)
You are amphibious.
You cover ground slowly.
You can hop short distances.
You have an extended range of vision and can be seen from far away.


Message History

The ball python hisses angrily.
The bat hits you. The bat attacks as you move away!
The bat hits you but does no damage. The bat closely misses you.
The bat hits you but does no damage. The bat barely misses you. x2
There is a stone staircase leading up here.
You hit the bat.
The bat is moderately wounded.
The bat hits you but does no damage. The bat barely misses you.
You hit the bat.
The bat is severely wounded.
The bat completely misses you. The bat hits you but does no damage.
You hit the bat.
You kill the bat!
You hit Terence but do no damage. Terence misses you.
You closely miss Terence. Terence completely misses you.
You punch Terence!
Terence is heavily wounded.
Terence barely misses you.
You hit Terence but do no damage.
Terence is heavily wounded.
Terence shouts, "Now you die!" Terence hits you with a +0 flail.
You barely miss Terence.
Terence is heavily wounded.
Terence hits you with a +0 flail!
You are too injured to fight recklessly!
You are too injured to fight recklessly!
You hit Terence but do no damage.
Terence is heavily wounded.
Terence barely misses you.
You hit Terence.
Terence is severely wounded.
Terence hits you with a +0 flail!
* * * LOW HITPOINT WARNING * * *
You hit Terence but do no damage.
Terence is severely wounded.
Terence hits you with a +0 flail.
You die...

### . ... # #.
#.######
#.##.###...... ## >
[.........##.# .. ..
.........##.###.#.####
#................
......
S##.........###...#
....#../..S@h<...#
#..#..<..#####.##
.##.##..#.....#
..........@...#
.##.##........#
............#
.#..#.##.....#P# ...
#. #.....#P# #.. ..
......###


You could see Terence and a ball python.

Vanquished Creatures
  A dart slug (D:1)
  3 endoplasms (D:1)
  2 giant cockroaches (D:1)
  2 goblins (D:1)
  2 hobgoblins
  A jackal (D:1)
  2 ball pythons (D:1)
  6 bats
  2 frilled lizards (D:1)
  2 kobolds (D:1)
  3 rats (D:1)
26 creatures vanquished.

Notes
Turn   | Place    | Note
-------+----------+-------------------------------------------
     0 | D:1      | MacCMillion the Barachi Shapeshifter began the quest for
                  | the Orb.
     0 | D:1      | Reached XP level 1. HP: 15/15 MP: 1/1
   105 | D:1      | Reached XP level 2. HP: 22/22 MP: 2/2
   484 | D:1      | Reached XP level 3. HP: 21/28 MP: 3/3
   570 | D:1      | Reached skill level 4 in Unarmed Combat
   834 | D:2      | Noticed Terence
   857 | D:2      | Slain by Terence

Illustrated notes

Levels and vault maps discovered:
D:1:      psy_arrival_terrarium, layout_loops_ring, minivault_19,
          minmay_heptomino_l4
D:2:      layout_basic, basic_altar, serial_aquarium, aquarium_bridge_square
          [aquarium_subvault_bridge, aquarium_subvault_window,
          aquarium_subvault_bridge, aquarium_subvault_balcony],
          aquarium_bridge_straight [aquarium_subvault_bridge,
          aquarium_subvault_balcony, aquarium_subvault_bridge,
          aquarium_subvault_window], aquarium_window_corridor_3,
          aquarium_window_fake, aquarium_window_fake, aquarium_window_2,
          aquarium_view_2b, shapermc_ecumenical_altar_totnotflames, uniq_terence

Skill      XL: |  1  2  3 |
---------------+----------+-----
Fighting       | 2 |  2.7
Unarmed Combat | 4 |  4.0
Dodging        | |  2.1
Shapeshifting  | |  3.2

Action                     || total
---------------------------++-------
  Melee: Unarmed           ||    82
         Punch             ||     3
   Stab: Sleeping          ||     2
 Armour: Animal skin       ||    14
  Dodge: Dodged            ||    49

Table legend: (Time is in decaauts)
 A = Elapsed time spent in this place.
 B = Non-inter-level travel time spent in this place.
 C = Inter-level travel time spent in this place.
 D = Time resting spent in this place.
 E = Time spent auto-exploring this place.
 F = Levels seen in this place.
 G = Mean time per level.
                   A        B        C        D        E       F      G
               +--------+--------+--------+--------+--------+-----+--------+
         Total |    973 |    932 |     41 |     12 |    698 |   2 |  486.5 |
       Dungeon |    973 |    932 |     41 |     12 |    698 |   2 |  486.5 |
               +--------+--------+--------+--------+--------+-----+--------+

Top non-repeatable levels by time:
     D:1: 942 daAuts
     D:2: 31 daAuts
